cohdb
Replays
Latest Replays
All Replays
Popular Replays
Top Player Replays
Match Explorer
How It Works
Community
CoH3 Stats
Reddit
Sign in to upload your games and track your stats! →
Sign in with Steam
Match 42687734
Unlisted
Match 42687734
Overview
Messages
Build Orders
End
Construct Barracks
Selects Special Operations Battlegroup
Riflemen Squad
1⁄4-ton 4x4 Truck
Grenade Package
Riflemen Squad
Engineer Squad
Mechanized Support Center
Selects Smoke Screen
Construct Tank Depot
Selects M29 Weasel Recon Vehicle
Selects Mark Vehicle
Selects UNKNOWN (2162291)
M4A1 Sherman Whizbang
Construct Medical Station
Designate Forward Repair Station
Selects SSF Commando Squad
SSF Commando Squad
M4A1 Sherman Whizbang
Construct Weapon Support Center
Construct Weapon Support Center
SSF Commando Squad
Improved M9 Bazooka Rockets
M18 Hellcat Tank Destroyer
M18 Hellcat Tank Destroyer
Designate Forward Repair Station
Rapid Repairs
M4A1 Sherman Whizbang
shor
Abeli
我爱吃肯德基
狼哥
Jake Reacher
Slim
Mangutten
Phelum
0
0
Comments
sign in to comment!
No comments posted yet!